AoeStats
← 凉拌皮蛋

Black Forest

510056871Analyzed
4v4 RM · 3d ago on Sep 29, 2026· 34m 59s· 8 players
Game mode
Random Map
Map size
Large (8 player)
Population
200
Speed
Normal
Resources
Standard
Victory
Conquest
Starting age
Dark Age
Ending age
Imperial Age
RankedLock teamsTeams togetherTeam positionsShared explorationLock speedFull tech treeHidden civsTurbo modeCheats
Victory
Defeat
🇨🇳 Hindustanis · China
1580
+7
🇨🇳 Varangians · China
1346
+16
🇨🇳 Saracens · China
1324
+17
🇨🇳 Britons · China
1290
+17
🇨🇳 Persians · China
1424
-17
🇹🇷 Byzantines · Türkiye
1410
-17
🇮🇱 Turks · Israel
1280
-12
🇨🇦 Mongols · Canada
1270
-11
红黑EX
11:38 Feudal Age
15:24 Castle Age
13:40 Double-Bit Axe
14:04 Horse Collar
16:04 Wheelbarrow
16:30 Bow Saw
17:05 Heavy Plow
19:39 Loom
23:11 Gold Mining
25:14 Stone Mining
29:20 Imperial Age
27:44 Bloodlines
27:34 Husbandry
27:49 Scale Barding Armor
27:54 Forging
28:50 Chain Barding Armor
29:55 Iron Casting
29:26 Elite Jarl
30:49 Conscription
31:24 Plate Barding Armor
31:52 Blast Furnace
32:06 Plate Barding Armor
凉拌皮蛋
9:50 Feudal Age
13:54 Castle Age
11:41 Double-Bit Axe
12:21 Horse Collar
15:39 Wheelbarrow
15:58 Bow Saw
20:35 Heavy Plow
21:14 Stone Mining
21:35 Gold Mining
22:42 Hand Cart
23:27 Stone Shaft Mining
24:45 Gold Shaft Mining
27:35 Imperial Age
25:33 Scale Barding Armor
25:40 Loom
26:54 Forging
27:05 Chain Barding Armor
27:05 Grand Trunk Road
27:35 Bloodlines
27:25 Husbandry
27:49 Heavy Camel Rider
28:50 Conscription
29:07 Iron Casting
29:37 Chemistry
30:02 Two-Man Saw
29:57 Plate Barding Armor
31:17 Blast Furnace
29:46 Imperial Camel Rider
35:30 Coinage
wuyu
1:20 Loom
12:50 Feudal Age
17:09 Castle Age
15:22 Double-Bit Axe
15:20 Horse Collar
18:35 Bow Saw
27:05 Wheelbarrow
33:41 Imperial Age
31:23 Gold Mining
31:44 Forging
32:03 Husbandry
32:13 Bloodlines
32:42 Heavy Plow
33:27 Scale Barding Armor
34:05 Bimaristan
34:47 Conscription
35:36 Chain Barding Armor
35:52 Iron Casting
flower soul
10:30 Feudal Age
14:23 Castle Age
12:36 Double-Bit Axe
14:00 Horse Collar
15:24 Bow Saw
15:39 Heavy Plow
20:59 Wheelbarrow
20:36 Stone Mining
23:07 Gold Mining
26:24 Imperial Age
25:09 Fletching
25:18 Loom
26:03 Bodkin Arrow
27:13 Hand Cart
26:43 Town Watch
27:43 Bracer
28:58 Gold Shaft Mining
28:25 Padded Archer Armor
29:31 Chemistry
29:05 Conscription
31:08 Two-Man Saw
31:03 Elite Longbowman
32:40 Leather Archer Armor
32:47 Ballistics
32:48 Yeomen
34:00 Ring Archer Armor
34:54 Treadmill Crane
Nhitty
5:12 Loom
11:29 Feudal Age
15:15 Castle Age
13:27 Double-Bit Axe
14:05 Horse Collar
16:34 Bow Saw
22:22 Wheelbarrow
23:39 Gold Mining
25:29 Gold Shaft Mining
29:14 Imperial Age
27:06 Hand Cart
27:54 Fletching
28:04 Padded Archer Armor
29:14 Bodkin Arrow
29:40 Ballistics
29:33 Caravan
Lothwen
0:44 Loom
11:33 Feudal Age
15:53 Castle Age
16:31 Double-Bit Axe
16:51 Horse Collar
21:05 Fletching
22:55 Bodkin Arrow
25:26 Wheelbarrow
26:18 Bow Saw
30:01 Imperial Age
26:56 Crossbowman
28:47 Thumb Ring
28:50 Gold Mining
30:01 Ballistics
30:09 Arbalester
30:53 Bracer
30:54 Padded Archer Armor
iiiiice
5:08 Loom
10:31 Feudal Age
11:23 Double-Bit Axe
14:05 Castle Age
12:21 Horse Collar
15:15 Heavy Plow
21:41 Wheelbarrow
23:29 Gold Mining
23:30 Stone Mining
30:18 Imperial Age
28:29 Hand Cart
28:00 Town Watch
28:43 Scale Barding Armor
29:44 Chain Barding Armor
29:34 Forging
30:05 Gold Shaft Mining
30:58 Conscription
30:16 Elite War Elephant
31:23 Bloodlines
31:13 Husbandry
32:02 Plate Barding Armor
32:03 Iron Casting
Mike
2:58 Loom
11:37 Feudal Age
15:38 Castle Age
13:50 Double-Bit Axe
13:53 Horse Collar
16:34 Bow Saw
27:01 Scale Barding Armor
27:54 Wheelbarrow
27:47 Forging
28:23 Bloodlines
28:14 Husbandry
28:38 Chain Barding Armor
Connection lost

Rejoining the realm…

Still unreachable

The connection could not be restored.

Session expired

The server has moved on; the page needs a fresh start.